 Dungeon Crawl Stone Soup version 0.27-a0-1177-g245c70e1c0 (webtiles) character file.

Game seed: 9864032571475977105

167 Feb132020 the Digger (level 5, -7/29 HPs)
             Began as a Gargoyle Earth Elementalist on May 16, 2021.
             Killed by divine providence
             ... invoked by an orc priest
              (10 damage)
             ... on level 4 of the Dungeon.
             The game lasted 00:11:40 (4879 turns).

Feb132020 the Digger (Gargoyle Earth Elementalist)  Turns: 4879, Time: 00:11:40

Health: -7/29      AC:  7    Str: 11    XL:     5   Next: 48%
Magic:  0/8        EV: 12    Int: 23    God:
Gold:   61         SH:  0    Dex: 10    Spells: 2/8 levels left

rFire    . . .     SeeInvis .   d - +0 club
rCold    . . .     Faith    .   (no shield)
rNeg     + . .     Spirit   +   c - +0 robe
rPois    ∞         Reflect  .   n - +0 helmet
rElec    +         Harm     .   (no cloak)
rCorr    .         Rampage  .   (no gloves)
Will     .....                  (no boots)
Stlth    ++........             o - amulet of guardian spirit
HPRegen  0.09/turn              p - +6 ring of intelligence
MPRegen  0.11/turn              (no ring)

@: no status effects
A: sickness immunity, AC +4, negative energy resistance 1, electricity
resistance, torment resistance 1, petrification resistance
a: no special abilities


You were on level 4 of the Dungeon.
You visited 1 branch of the dungeon, and saw 4 of its levels.

You collected 121 gold pieces.
You spent 60 gold pieces at shops.

Inventory:

Hand Weapons
 d - a +0 club (weapon)
Missiles
 b - 85 stones
Armour
 c - a +0 robe (worn)
 n - a +0 helmet (worn)
Jewellery
 o - an amulet of guardian spirit (around neck)
 p - a +6 ring of intelligence (left hand)
Wands
 r - a wand of acid (5)
Scrolls
 a - a scroll of amnesia
 g - 2 scrolls of teleportation
 i - a scroll of identify
 j - a scroll of vulnerability
 k - a scroll of enchant armour {unknown}
 l - a scroll of enchant weapon {unknown}
Potions
 e - a potion of lignification {unknown}
 f - a potion of mutation {unknown}
 h - a potion of flight {unknown}
 m - a potion of heal wounds {unknown}
 q - a potion of curing {unknown}


   Skills:
 + Level 1.4 Fighting
 + Level 2.5 Maces & Flails
 + Level 2.3 Dodging
 + Level 3.1 Stealth
 + Level 2.4 Spellcasting
 * Level 1.0 Conjurations
 + Level 0.7 Transmutations
 + Level 4.2 Earth Magic


You had 2 spell levels left.
You knew the following spells:

 Your Spells              Type           Power      Damage    Failure   Level
a - Sandblast             Erth           44%        2d11      2%          1
b - Stone Arrow           Conj/Erth      28%        3d8       13%         3
p - Passwall              Tmut/Erth      11%        N/A       7%          2

Your spell library contained the following spells:

 Spells                   Type           Power      Damage    Failure   Level
 Confusing Touch          Hex            2%         N/A       36%         3
 Gell's Gravitas          Tloc           1%         N/A       36%         3
 Petrify                  Tmut/Erth      14%        N/A       41%         4
 Lee's Rapid Deconstruct  Erth           11%        3d9*      52%         5
 Yara's Violent Unravell  Hex/Tmut       2%         3d3       96%         5
 Metabolic Englaciation   Hex/Ice        1%         N/A       98%         5


Dungeon Overview and Level Annotations

Branches:
Dungeon (4/15)
 Temple: D:4-7

Altars:
Kikubaaqudgha
The Shining One

Shops:
D:2 *


Innate Abilities, Weirdness & Mutations

You are immune to sickness and miasma.
Your stone body is resilient. (AC +4)
You are immune to poison.
You resist negative energy. (rN+)
You are resistant to electric shocks. (rElec)
You are resistant to unholy torment.
You are immune to petrification.


Message History

You barely miss the orc. The orc hits you but does no damage.
The orc hits you with a +0 dagger.
You hit the orc.
The orc is severely wounded.
The orc barely misses you.
You hit the orc but do no damage.
The orc is severely wounded.
The orc closely misses you.
Unknown command.
Unknown command.
Unknown command.
Casting: Sandblast (safe; 2% risk of failure)
Confirm with . or Enter, or press ? or * to list all spells.
Aiming: Sandblast (safe; 2% risk of failure)
Press: ? - help, Shift-Dir - straight line, f - orc
Aim: an orc, wielding a +0 dagger, wearing a +0 leather armour and quivering boomerangs (severely wounded, 81% to hit)
The blast of sand hits the orc.
You kill the orc!
You hear some strange, mumbled words.
You are confused.
Okay, then.
You bump into the rock wall.
You bump into the rock wall.
Something hits you but does no damage.
You bump into the rock wall.
Something hits you but does no damage.
You bump into the rock wall.
You hear some strange, mumbled words.
A puff of flame appears from out of thin air!
The puff of flame hits you!
* * * LOW HITPOINT WARNING * * *
You bump into the rock wall.
The orc priest shouts!
You hear some strange, mumbled words.
Something hits you.
* * * LOW HITPOINT WARNING * * *
You bump into the rock wall.
You hear some strange, mumbled words.
You're too confused to move!
You feel less confused.
The orc priest calls down the wrath of Beogh upon you.
Beogh smites you!
You die...

#######.....###.....##.#
#.....# ##.#####.####
#.....# #..........#
#.[...########...##.#
########.....#.#....#
######.#.....#..###.#
######....#<#............#
+.........'....####.######
######....###@...).o...#
#....# ##.####..###
####'## #..# #....# #...#
##.###o##.# #.#.#
#........# #.#.#
#..#....## #.#.# ##.#..#.#
##.#.## #.#..#.# ##..#..##
#....#.#


You could see an orc priest.

Vanquished Creatures
  A water moccasin skeleton (D:2)
  A hound (D:4)
  Robin (D:3)
  2 adders
  A dart slug (D:3)
  2 orcs
  4 endoplasms
  5 giant cockroaches
  16 goblins
  2 hobgoblins
  2 kobolds (D:2)
  2 quokkas (D:1)
  5 ball pythons
  4 bats
  2 frilled lizards
  9 rats
59 creatures vanquished.

Notes
Turn   | Place    | Note
-------+----------+-------------------------------------------
     0 | D:1      | Feb132020 the Gargoyle Earth Elementalist began the quest
                  | for the Orb.
     0 | D:1      | Reached XP level 1. HP: 10/10 MP: 3/3
   336 | D:1      | Reached XP level 2. HP: 15/15 MP: 3/5
   344 | D:1      | Learned a level 2 spell: Passwall
   603 | D:1      | Reached skill level 4 in Earth Magic
  1617 | D:2      | Found a faded altar of an unknown god.
  1682 | D:2      | Reached XP level 3. HP: 20/20 MP: 6/6
  1732 | D:2      | Reached skill level 1 in Maces & Flails
  1947 | D:2      | You fall into a shaft and drop 2 floors!
  1949 | D:4      | Found a glowing golden altar of the Shining One.
  2185 | D:2      | Found Yrghun's Assorted Antiques.
  2209 | D:2      | Reached skill level 1 in Fighting
  2209 | D:2      | Reached XP level 4. HP: 4/25 MP: 7/7
  2465 | D:2      | Bought a scroll labelled ZYUKLA EXUBA for 30 gold pieces
  2465 | D:2      | Bought a scroll labelled WYSSIF CEPHE for 30 gold pieces
  2606 | D:2      | Learned a level 3 spell: Stone Arrow
  2855 | D:3      | Found an ancient bone altar of Kikubaaqudgha.
  3413 | D:3      | Noticed Robin
  3864 | D:2      | Reached XP level 5. HP: 25/29 MP: 8/8
  4105 | D:3      | Killed Robin
  4272 | D:3      | Found an ancient bone altar of Kikubaaqudgha.
  4865 | D:4      | Reached skill level 1 in Conjurations
  4879 | D:4      | Killed from afar by an orc priest

Illustrated notes

Levels and vault maps discovered:
D:1:      amcnicky_arrival_underground_garden, layout_loops_corners
D:2:      layout_loops_ring, hellmonk_ecumenical_altar_slurped_away,
          serial_shops, shop
D:3:      layout_rooms, kiku_gazebo_garden_becter, serial_aquarium,
          aquarium_bridge_long_separate [aquarium_subvault_wall,
          aquarium_subvault_window, aquarium_subvault_bridge,
          aquarium_subvault_wall, aquarium_subvault_bridge,
          aquarium_subvault_balcony], aquarium_bridge_square
          [aquarium_subvault_window, aquarium_subvault_bridge,
          aquarium_subvault_bridge, aquarium_subvault_wall],
          aquarium_window_fake, aquarium_window_fake, aquarium_view_2e,
          aquarium_balcony_1a, hangedman_abyss_or_decor_lesser_grid,
          minmay_unequal, uniq_robin
D:4:      layout_basic, nicolae_tso_swordbearing_angel, minmay_hedge_maze,
          nrook_loot_triangle, uniq_eustachio

Skill      XL: |  1  2  3  4  5 |
---------------+----------------+-----
Earth Magic    | 4 |  4.2
Maces & Flails | 1 2 |  2.5
Fighting       | 1 |  1.4
Dodging        | 2 |  2.3
Stealth        | 3 |  3.1
Conjurations   | 1 |  1.0
Spellcasting   | |  2.4
Transmutations | |  0.7

Action                   |  1- 3 |  4- 6 || total
-------------------------+-------+-------++-------
Melee: Club              |   111 |   132 ||   243
 Cast: Sandblast         |    10 |     9 ||    19
  Use: Scroll            |     2 |     1 ||     3
 Stab: Sleeping          |     3 |     3 ||     6
Armor: Robe              |    44 |    61 ||   105
Dodge: Dodged            |    78 |    97 ||   175

Table legend: (Time is in decaauts)
 A = Elapsed time spent in this place.
 B = Non-inter-level travel time spent in this place.
 C = Inter-level travel time spent in this place.
 D = Time resting spent in this place.
 E = Time spent auto-exploring this place.
 F = Levels seen in this place.
 G = Mean time per level.
                   A        B        C        D        E       F      G
               +--------+--------+--------+--------+--------+-----+--------+
         Total |   4938 |   4825 |    113 |    126 |   4083 |   4 | 1234.5 |
       Dungeon |   4938 |   4825 |    113 |    126 |   4083 |   4 | 1234.5 |
               +--------+--------+--------+--------+--------+-----+--------+

Top non-repeatable levels by time:
     D:3: 1630 daAuts
     D:2: 1626 daAuts
     D:1: 1491 daAuts
     D:4: 190 daAuts
